 Dungeon Crawl Stone Soup version 0.32-a0-673-g3729bd50f8 (webtiles) character file.

Game seed: 5617084779334377765

57 Sabo the Charlatan (level 4, -2/32 HPs)
             Began as a Coglin Artificer on Mar 10, 2024.
             Slain by a cerulean imp
             ... wielding a +1 spear
             ... summoned by Natasha
              (5 damage)
             ... on level 2 of the Dungeon.
             The game lasted 00:07:13 (1702 turns).

Sabo the Charlatan (Coglin Artificer)               Turns: 1702, Time: 00:07:14

Health: -2/32      AC:  4    Str: 14    XL:     4   Next: 0%
Magic:  4/4        EV: 11    Int: 11    God:
Gold:   106        SH:  0    Dex: 14    Spells: 3/3 levels left

rFire   . . .        j - +0 short sword {Qing}
rCold   . . .        h - +0 spear {Juan}
rNeg    . . .        b - +0 leather armour
rPois   .            (no helmet)
rElec   .            (no cloak)
rCorr   .            (no gloves)
SInv    .            i - +0 pair of boots
Will    .....        (amulet unavailable)
Stlth   +            (ring unavailable)
HPRegen 0.25/turn    (ring unavailable)
MPRegen 0.09/turn    (no gizmo)

%: no passive effects
@: slowed, revved, very slow
A: off-hand wielding, slow wielding, warmup strikes, no jewellery
a: Invent Gizmo


You were on level 2 of the Dungeon.
You visited 1 branch of the dungeon, and saw 2 of its levels.

You collected 106 gold pieces.

Inventory:

Hand Weapons
 h - a +0 spear (offhand) {Juan}
 j - a +0 short sword (weapon) {Qing}
Armour
 b - a +0 leather armour (worn)
 i - a +0 pair of boots (worn)
Wands
 c - a wand of flame (15) (quivered)
 d - a wand of charming (15)
 e - a wand of iceblast (5)
Scrolls
 a - a scroll of fear {unknown}
 f - a scroll of immolation {unknown}
 g - a scroll of blinking {unknown}
 k - a scroll of enchant weapon {unknown}
 l - a scroll of fog {unknown}
 m - a scroll of teleportation {unknown}


   Skills:
 + Level 1.2 Fighting
 + Level 0.3 Short Blades
 + Level 0.2 Maces & Flails
 + Level 1.0 Polearms
 + Level 2.2 Armour
 + Level 1.1 Dodging
 + Level 1.0 Stealth
 + Level 5.0 Evocations


You had 3 spell levels left.
You didn't know any spells.
Your spell library contained the following spells:

 Spells                   Type           Power      Damage    Failure   Level
 Call Canine Familiar     Summ           0%         N/A       78%         3
 Sigil of Binding         Hex            0%         N/A       78%         3
 Dimensional Bullseye     Hex/Tloc       0%         N/A       99%         4


Dungeon Overview and Level Annotations

Branches:
Dungeon (2/15)

Altars:

Annotations:
D:2 Natasha


Innate Abilities, Weirdness & Mutations

You can wield a second weapon in your off-hand.
It takes a long time for you to wield or remove held weapons.
Your first few attacks do less damage.
You cannot equip rings or amulets.


Message History

Your Polearms skill increases to level 1!
Your Stealth skill increases to level 1!
You have reached level 4!
You feel clever.
You start resting.
HP restored.
Natasha, Servant of Life and Death comes into view.
Natasha hisses angrily.
Natasha stares at you and mumbles some strange words.
You feel yourself slow down. Natasha closely misses you.
Natasha claws you but does no damage.
You completely miss Natasha with your +0 spear.
You hit Natasha with your +0 short sword.
Natasha claws you!
You hit Natasha with your +0 spear.
Natasha is moderately wounded.
You barely miss Natasha with your +0 short sword.
Natasha wildly gestures.
You feel troubled. Natasha claws you.
Natasha casts a spell.
You hit Natasha with your +0 spear.
Natasha is heavily wounded.
You barely miss Natasha with your +0 short sword.
Natasha claws you. The cerulean imp closely misses you. Natasha claws you.
You hit Natasha with your +0 spear.
Natasha is heavily wounded.
You hit Natasha with your +0 short sword.
The cerulean imp hits you from afar with a +1 spear.
* * * LOW HITPOINT WARNING * * *
Natasha casts a spell at you. The magic dart hits you.
* * * LOW HITPOINT WARNING * * *
The cerulean imp closely misses you.
You hit Natasha with your +0 short sword.
Natasha is severely wounded.
You barely miss Natasha with your +0 spear.
Natasha misses you.
The cerulean imp hits you from afar with a +1 spear.
You die...

#............##..
#.......................
#.............#.........
..............#...........#
#.............#...........#
#...†.........#...........#
#.............#...5.......#
#.............#.h.........#
#...............@.........#
#.............#...........#
#############.......#######
...........................
...#######.#........#.###..
...# #...###....#... ...#
###.#≈#.[..# ##.. ...#
#.###.#### .. ...####
#.....######## .


You could see Natasha and a cerulean imp (summoned).

Vanquished Creatures
  Natasha (D:2)
  A ribbon worm (D:2)
  A dart slug (D:2)
  2 ball pythons (D:1)
  4 bats
  2 endoplasms
  A giant cockroach (D:1)
  4 hobgoblins
  A kobold (D:1)
  A quokka (D:2)
  2 frilled lizards (D:1)
  5 goblins (D:1)
25 creatures vanquished.

Notes
Turn   | Place    | Note
-------+----------+-------------------------------------------
     0 | D:1      | Sabo the Coglin Artificer began the quest for the Orb.
     0 | D:1      | Reached XP level 1. HP: 15/15 MP: 1/1
   385 | D:1      | Reached XP level 2. HP: 13/21 MP: 2/2
   602 | D:1      | Found a faded altar of an unknown god.
  1171 | D:2      | Reached skill level 1 in Dodging
  1380 | D:2      | Reached skill level 5 in Evocations
  1380 | D:2      | Reached XP level 3. HP: 23/26 MP: 3/3
  1529 | D:2      | Noticed Natasha
  1539 | D:2      | Killed Natasha
  1540 | D:2      | Reached skill level 1 in Polearms
  1540 | D:2      | Reached skill level 1 in Stealth
  1540 | D:2      | Reached XP level 4. HP: 6/32 MP: 4/4
  1692 | D:2      | Noticed Natasha
  1702 | D:2      | Slain by a cerulean imp

Illustrated notes

Levels and vault maps discovered:
D:1:      orjb1_clovarrival, layout_loops_ring,
          hellmonk_ecumenical_altar_prayer_group
D:2:      layout_basic, serial_glass, glass_columns_a, glass_columns_c,
          feat_on_display, item_on_display_a, feat_on_display,
          item_on_display_a, uniq_natasha

Skill      XL: |  1  2  3 |
---------------+----------+-----
Armour         | 2 |  2.2
Dodging        | 1 |  1.1
Evocations     | 5 |  5.0
Polearms       | 1 |  1.0
Stealth        | 1 |  1.0
Fighting       | |  1.2
Short Blades   | |  0.3
Maces & Flails | |  0.2

Action                     |  1- 3 |  4- 6 || total
---------------------------+-------+-------++-------
  Melee: Club              |    24 |       ||    24
         Spear             |    59 |     5 ||    64
         Dagger            |     1 |       ||     1
         Short sword       |    34 |     5 ||    39
   Stab: Sleeping          |     1 |       ||     1
 Armour: Leather armour    |    60 |     8 ||    68
  Dodge: Dodged            |    28 |     4 ||    32

Table legend: (Time is in decaauts)
 A = Elapsed time spent in this place.
 B = Non-inter-level travel time spent in this place.
 C = Inter-level travel time spent in this place.
 D = Time resting spent in this place.
 E = Time spent auto-exploring this place.
 F = Levels seen in this place.
 G = Mean time per level.
                   A        B        C        D        E       F      G
               +--------+--------+--------+--------+--------+-----+--------+
         Total |   1717 |   1717 |      0 |    288 |      0 |   2 |  858.5 |
       Dungeon |   1717 |   1717 |      0 |    288 |      0 |   2 |  858.5 |
               +--------+--------+--------+--------+--------+-----+--------+

Top non-repeatable levels by time:
     D:1: 1149 daAuts
     D:2: 568 daAuts
